 Dungeon Crawl Stone Soup version 0.28.0-43-g3370ac3207 (webtiles) character file.

Game seed: 16429462400573265387

22 adizb the Sneak (level 2, -1/19 HPs)
             Began as an Octopode Brigand on Mar 19, 2022.
             Slain by Natasha (7 damage)
             ... on level 2 of the Dungeon.
             The game lasted 00:03:03 (525 turns).

adizb the Sneak (Octopode Brigand)                   Turns: 525, Time: 00:03:04

Health: -1/19      AC:  1    Str: 10    XL:     2   Next: 91%
Magic:  2/2        EV: 13    Int: 13    God:
Gold:   31         SH:  0    Dex: 13    Spells: 1/1 levels left

rFire   . . .      SeeInvis .   a - +2 dagger
rCold   . . .      Faith    .   (no shield)
rNeg    . . .      Spirit   .   (helmet restricted)
rPois   .          Reflect  .   (no amulet)
rElec   .          Harm     .   (no ring)
rCorr   .          Rampage  .   (no ring)
Will    .....                   (no ring)
Stlth   ++++......              (no ring)
HPRegen 0.06/turn               (no ring)
MPRegen 0.08/turn               (no ring)
                                (no ring)
                                (no ring)

@: no status effects
A: almost no armour, amphibious, 8 rings, camouflage 1, gelatinous body 1,
(nimble swimmer 1), tentacles
a: no special abilities


You were on level 2 of the Dungeon.
You visited 1 branch of the dungeon, and saw 2 of its levels.

You collected 31 gold pieces.

Inventory:

Hand Weapons
 a - a +2 dagger (weapon)
Missiles
 b - 8 poisoned darts (quivered)
 c - 2 curare-tipped darts
Potions
 d - a potion of curing {unknown}


   Skills:
 + Level 2.2 Fighting
 + Level 2.3 Short Blades
 - Level 2.0 Throwing
 + Level 1.4 Dodging
 * Level 5.8 Stealth


You had one spell level left.
You didn't know any spells.
Your spell library was empty.

Dungeon Overview and Level Annotations

Branches:
Dungeon (2/15)

Altars:

Annotations:
D:2 Natasha


Innate Abilities, Weirdness & Mutations

You cannot wear most types of armour.
You are amphibious.
You can wear up to eight rings at the same time.
Your skin changes colour to match your surroundings (Stealth+).
Your rubbery body absorbs attacks. (AC +1, EV +1)
((You are camouflaged when in or above water. (Stealth+)))
You have tentacles for arms and can constrict up to eight enemies at once.


Message History

You kill the goblin!
You see here a +0 dagger.
You now have 31 gold pieces (gained 9).
You see here 24 stones.
You see here a +0 dagger.
Found 23 bolts.
You see here 23 bolts.
A kobold comes into view. It is wielding a +0 dagger.
The helpless kobold fails to defend itself.
You impale the kobold!!
You kill the kobold!
You open the door.
There is an open door here.
There is an open door here.
There is a stone staircase leading down here.
You climb downwards.
Found a scroll labelled SECUTI JUONA.
There is a stone staircase leading up here.
Natasha hisses angrily.
Natasha completely misses you.
You hit Natasha. You grab Natasha.
Natasha is lightly wounded.
You constrict Natasha. Natasha claws you.
You hit Natasha.
Natasha is moderately wounded.
You constrict Natasha.
Natasha howls an incantation.
Natasha glows brightly for a moment.
Natasha stares at you and mumbles some strange words.
The magic dart hits you!
You are too injured to fight recklessly!
You are too injured to fight recklessly!
You are too injured to fight recklessly!
You barely miss Natasha.
Natasha is moderately wounded.
You constrict Natasha. You hit Natasha.
Natasha is severely wounded.
You constrict Natasha. Natasha claws you!
You die...

##########
#........#
#........#
#........#
#..?.....#
#..h@.<..#
#........+
#........#
#........#
##########


You could see Natasha.

Vanquished Creatures
  2 dart slugs (D:1)
  A bat (D:1)
  2 endoplasms (D:1)
  A giant cockroach (D:1)
  A goblin (D:1)
  2 hobgoblins (D:1)
  3 kobolds (D:1)
  A quokka (D:1)
  A ball python (D:1)
  A rat (D:1)
15 creatures vanquished.

Notes
Turn   | Place    | Note
-------+----------+-------------------------------------------
     0 | D:1      | adizb the Octopode Brigand began the quest for the Orb.
     0 | D:1      | Reached XP level 1. HP: 14/14 MP: 1/1
    62 | D:1      | Reached XP level 2. HP: 14/19 MP: 2/2
   260 | D:1      | Found a faded altar of an unknown god.
   519 | D:2      | Noticed Natasha
   525 | D:2      | Slain by Natasha

Illustrated notes

Levels and vault maps discovered:
D:1:      tarquinn_simple_flora_water_f, layout_basic, serial_rivers,
          chequers_serial_rivers_small_b, chequers_serial_rivers_micro_a,
          chequers_serial_rivers_marsh, chequers_serial_rivers_micro_c,
          shapermc_ecumenical_altar_ellora, amcnicky_mini_pool_small,
          st_stairs_14
D:2:      cheibrodos_old_hovel, layout_basic, kennysheep_nondescript,
          uniq_terence, uniq_natasha

Action                   || total
-------------------------++-------
Melee: Dagger            ||    25
       Constrict         ||     4
       Punch             ||     2
       Tentacles         ||     2
 Stab: Sleeping          ||     9
Armor: Skin              ||     1
Dodge: Dodged            ||     5
